 Dungeon Crawl Stone Soup version 0.15.0-16-gce31824 (webtiles) character file.

1931 MDvedh the Spear-Bearer (level 8, -1/62 HPs)
             Began as a Minotaur Death Knight on Sept 6, 2014.
             Was a Priest of Yredelemnul.
             Slain by a yak (15 damage)
             ... on Level 8 of the Dungeon.
             The game lasted 00:16:40 (6980 turns).

MDvedh the Spear-Bearer (Minotaur Death Knight)     Turns: 6980, Time: 00:16:41

HP  -1/62        AC  9     Str 18      XL: 8   Next: 97%
MP   3/9         EV 13     Int  8      God: Yredelemnul [***...]
Gold 393         SH  0     Dex 14      Spells:  0 memorised,  7 levels left

rFire  . . .     SeeInvis .     a - +2 spear
rCold  . . .     Clarity  .     b - +3 leather armour "Rioc" {rPois}
rNeg   + . .     rCorr    .     (no shield)
rPois  +         rRot     .     (helmet restricted)
rElec  +         Spirit   .     (no cloak)
SustAb .         Warding  +     u - +2 pair of gloves
rMut   .         Stasis   .     (no boots)
Gourm  .                        j - amulet of warding
MR     .....                    (no ring)
                                (no ring)

@: very slightly contaminated, invisible, not resistant to hostile enchantments,
very unstealthy
A: retaliatory headbutt, horns 2, agile 1, electricity resistance
a: Animate Dead, Recall Undead Slaves, Injury Mirror, Renounce Religion


You were on level 8 of the Dungeon.
You worshipped Yredelemnul.
Yredelemnul was most pleased with you.
You were hungry.

You visited 1 branch of the dungeon, and saw 8 of its levels.

You collected 393 gold pieces.

Inventory:

Hand weapons
 a - a +2 spear (weapon)
Armour
 b - the +3 leather armour "Rioc" (worn) {rPois}
   (You found it on level 5 of the Dungeon)

   It protects you from poison.
 q - a +0 plate armour
 u - a +2 pair of gloves (worn)
Magical devices
 k - a wand of magic darts (11)
 l - a wand of magic darts (5)
 r - a wand of lightning (2)
 s - a wand of enslavement (9) {unknown}
 t - a wand of slowing (12) {unknown}
 v - a wand of paralysis (14) {unknown}
Comestibles
 c - 3 bread rations
 i - 7 meat rations
 x - 4 fruits
Scrolls
 d - 3 scrolls of teleportation
 e - 2 scrolls of immolation
 f - 3 scrolls of identify
 n - a scroll of enchant weapon
 w - a scroll of remove curse
Jewellery
 g - an uncursed ring of ice
 j - an amulet of warding (around neck)
Potions
 h - 3 potions of heal wounds
 m - 4 potions of brilliance
 o - 4 potions of might
 p - a potion of invisibility


   Skills:
 - Level 2.4 Fighting
 - Level 12.3 Polearms
 - Level 1.2 Armour
 + Level 4.0 Dodging
 + Level 4.5 Invocations


You had 7 spell levels left.
You didn't know any spells.

Dungeon Overview and Level Annotations

Branches:
Dungeon (8/15)             Temple (0/1) D:5
   Lair: D:8-11

Altars:
Cheibriados
Okawaru
Vehumet
Xom
Yredelemnul
Zin
The Shining One

Annotations:
D:8 Erolcha


Innate Abilities, Weirdness & Mutations

You reflexively headbutt those who attack you in melee.
You have a pair of horns on your head.
You are agile. (Dex +2)
You are resistant to electric shocks.


Message History

You swap places.
Your flying skull hits the yak.
Your flying skull closely misses the yak.
The yak closely misses your flying skull.
The yak barely misses your flying skull.
Unknown command.
You swap places.
The yak gores you but does no damage. The yak gores you!
* * * LOW HITPOINT WARNING * * *
Unknown command.
Unknown command.
You strike the helpless yak from behind!
You hit the yak but do no damage. Your headbutt misses the yak.
The yak is severely wounded.
Unknown command.
You catch the helpless yak completely off-guard!
You hit the yak. Your headbutt misses the yak.
The yak is severely wounded.
The yak misses you. You furiously retaliate!
You headbutt the yak, but do no damage. The yak gores you!
You die...
Your body rises from the dead as a mindless zombie.

#. # #. # #. # . #. #
... #.####### # ....
#.......# # ....Y
#...MM..#
.....Zr#######.####.#
....gYYY@zM....# #.#
...P%gJY######## #.#
..P.### #.# ..% #.# #
#.# #.# #.# #.#


You could see 5 yaks, an active ballistomycete, a gnoll sergeant, a porcupine, a
jelly, a gnoll, a scorpion zombie, a friendly flying skull and a friendly mummy.

Vanquished Creatures
  A hippogriff (D:7)
  2 ogres (D:5)
  A sky beast (D:6)
  A porcupine (D:8)
  An ice beast (D:7)
  2 crocodiles (D:8)
  A giant frog (D:7)
  2 scorpions
  A killer bee (D:7)
  2 crimson imps (D:5)
  A yellow wasp zombie (D:7)
  A gnoll shaman (D:5)
  A human zombie (D:6)
  3 orc wizards
  3 orc priests
  Natasha (twice) (D:5)
  3 gnolls (D:5)
  8 adders
  3 green rats (D:8)
  7 worms
  An iguana skeleton (D:4)
  4 giant geckos
  5 oozes
  21 orcs
  5 ball pythons
  13 bats
  3 giant cockroaches
  10 hobgoblins
  7 kobolds
  2 quokkas
  5 giant newts
  A giant spore (D:8)
  8 goblins
  A goblin zombie (D:5)
  18 jackals
  2 kobold skeletons (D:6)
  13 rats
165 creatures vanquished.

Vanquished Creatures (collateral kills)
  An ice beast (D:7)
  A giant frog (D:7)
  4 killer bees (D:7)
  2 crimson imps
  A centaur skeleton (D:6)
  An orc wizard (D:6)
  A worker ant (D:7)
  A hound zombie (D:7)
  Natasha (D:5)
  A green rat (D:8)
  A shadow imp (D:7)
  4 orcs
  A jackal (D:5)
20 creatures vanquished.

Vanquished Creatures (others)
  4 flying skulls (D:8)
  A wraith (D:8)
  A mummy (D:8)
  A green rat (D:8)
  2 gnolls (D:8)
  A gnoll zombie (D:5)
  A ballistomycete (D:8)
  2 fungi (D:8)
  A plant (D:8)
14 creatures vanquished.

Grand Total: 199 creatures vanquished

Notes
Turn   | Place    | Note
--------------------------------------------------------------
     0 | D:1      | MDvedh, the Minotaur Death Knight, began the quest for the Orb.
     0 | D:1      | Reached XP level 1. HP: 18/18 MP: 1/1
    71 | D:1      | Reached skill level 3 in Polearms
   165 | D:1      | Reached XP level 2. HP: 6/25 MP: 1/1
   677 | D:1      | Reached skill level 4 in Polearms
   698 | D:1      | Acquired Yredelemnul's second power
   836 | D:2      | Reached XP level 3. HP: 24/30 MP: 3/3
  1215 | D:2      | Reached skill level 5 in Polearms
  1587 | D:3      | Reached XP level 4. HP: 25/37 MP: 3/3
  1688 | D:3      | Found an iron altar of Okawaru.
  1689 | D:3      | Found a snail-covered altar of Cheibriados.
  2028 | D:3      | Reached skill level 6 in Polearms
  2061 | D:3      | Reached XP level 5. HP: 22/42 MP: 4/4
  2389 | D:3      | Found a glowing silver altar of Zin.
  2783 | D:4      | Acquired Yredelemnul's third power
  2931 | D:4      | Reached skill level 7 in Polearms
  2978 | D:4      | HP: 2/42 [poisoned by an orc]
  2986 | D:4      | HP: 2/42 [poisoned by an orc]
  3357 | D:4      | Received a gift from Yredelemnul
  3359 | D:4      | Reached XP level 6. HP: 42/50 MP: 5/5
  3410 | D:4      | Gained mutation: You are agile. (Dex +2) [potion of beneficial mutation]
  3467 | D:4      | Reached skill level 8 in Polearms
  3988 | D:5      | Entered Level 5 of the Dungeon
  4023 | D:5      | Reached skill level 9 in Polearms
  4037 | D:5      | Gained mutation: You are resistant to electric shocks. [potion of beneficial mutation]
  4103 | D:5      | Found a staircase to the Ecumenical Temple.
  4122 | D:5      | Received a gift from Yredelemnul
  4187 | D:5      | Reached XP level 7. HP: 56/56 MP: 5/5
  4218 | D:5      | Noticed Natasha
  4230 | D:5      | Killed Natasha
  4328 | D:5      | Got a brightly glowing leather armour
  4345 | D:5      | Identified the +3 leather armour "Rioc" {rPois} (You found it on level 5 of the Dungeon)
  4520 | D:5      | Killed Natasha
  4531 | D:5      | Reached skill level 10 in Polearms
  4830 | D:5      | Noticed Natasha
  4837 | D:5      | Killed Natasha
  4892 | D:6      | Found a shimmering altar of Xom.
  4900 | D:6      | Noticed a human
  4906 | D:6      | Found a basalt altar of Yredelemnul.
  5060 | D:6      | Received a gift from Yredelemnul
  5073 | D:6      | Found a radiant altar of Vehumet.
  5211 | D:6      | Reached skill level 11 in Polearms
  5211 | D:6      | Reached XP level 8. HP: 55/62 MP: 6/6
  5663 | D:7      | Reached skill level 12 in Polearms
  5921 | D:7      | Found a glowing golden altar of the Shining One.
  6554 | D:7      | Acquired Yredelemnul's fourth power
  6776 | D:8      | Noticed Erolcha
  6777 | D:8      | Noticed an iron golem
  6777 | D:8      | Noticed an iron golem
  6777 | D:8      | Noticed an iron golem
  6777 | D:8      | Noticed an iron golem
  6948 | D:8      | Received a gift from Yredelemnul
  6980 | D:8      | Slain by a yak

Action                   |  1- 3 |  4- 6 |  7- 9 || total
-------------------------+-------+-------+-------++-------
Melee: Spear             |   137 |   259 |   217 ||   613
Invok: Injury Mirror     |       |     1 |       ||     1
       Recall Undead Sla |       |     1 |     5 ||     6
       Animate Dead      |       |       |     1 ||     1
       Drain Life        |       |       |     1 ||     1
Evoke: Wand              |       |       |     1 ||     1
  Use: Scroll            |       |    15 |     1 ||    16
       Potion            |       |     3 |     1 ||     4
 Stab: Invisible         |       |       |     2 ||     2
       Sleeping          |       |       |     1 ||     1
  Eat: Pizza             |     1 |       |       ||     1
       Chunk             |       |     4 |       ||     4
       Bread ration      |       |     1 |     1 ||     2
       Meat ration       |       |     1 |       ||     1
